 Dungeon Crawl Stone Soup version 0.15-a0-1632-gd490d05 (webtiles) character file.

4780 Amnesiac the Carver (level 10, -5/67 HPs)
             Began as a Vampire Gladiator on June 21, 2014.
             Was a Priest of Okawaru.
             Engulfed by their own flame (10 damage)
             ... on Level 11 of the Dungeon.
             The game lasted 00:39:21 (15274 turns).

Amnesiac the Carver (Vampire Gladiator)            Turns: 15274, Time: 00:39:22

HP  -5/67        AC  5     Str 14      XL: 10   Next: 23%
MP  19/19        EV 14     Int 10      God: Okawaru [***...]
Gold 522         SH  0     Dex 17      Spells:  0 memorised,  9 levels left

rFire  + . .     SeeInvis +     B - +0 great sword
rCold  + . .     Clarity  .     u - +1 robe {rF+}
rNeg   + + .     rCorr    .     (no shield)
rPois  +         rRot     +     c - +0 helmet
rElec  .         Spirit   .     (no cloak)
SustAb .         Warding  .     (no gloves)
rMut   .         Stasis   .     k - +0 pair of boots
Gourm  .                        (no amulet)
MR     +....                    (no ring)
                                p - ring of magical power

@: regenerating slowly, somewhat resistant to hostile enchantments, quite
stealthy
A: bottle blood, fangs 3, see invisible, unbreathing
a: Bat Form, Bottle Blood, Heroism, Renounce Religion


You were on level 11 of the Dungeon.
You worshipped Okawaru.
Okawaru was most pleased with you.
You were very thirsty.

You visited 1 branch of the dungeon, and saw 11 of its levels.
You also visited: Sewer.

You collected 522 gold pieces.

Inventory:

Hand weapons
 x - a +2 blowgun
 B - a +0 great sword (weapon)
Missiles
 d - 6 throwing nets (quivered)
 s - 94 poisoned needles
Armour
 c - a +0 helmet (worn)
 k - a +0 pair of boots (worn)
 u - a +1 robe of fire resistance (worn)
Magical devices
 b - a wand of invisibility (2)
 j - a wand of digging (0)
 m - a wand of flame (4)
 v - a wand of frost (0)
 D - a wand of fireball (0)
Scrolls
 e - a scroll of immolation
 g - a scroll of teleportation
 h - a scroll of amnesia
 l - a scroll of enchant armour
 w - 3 scrolls of identify
 y - a scroll of enchant weapon {unknown}
Jewellery
 i - an uncursed amulet of rage
 p - a ring of magical power (left hand)
Potions
 a - a potion of mutation {unknown}
 f - 9 potions of curing
 n - 2 potions of magic {unknown}
 q - a potion of poison {unknown}
 r - 2 potions of haste {unknown}
 t - a potion of resistance
 z - 3 potions of might {unknown}
 A - 4 potions of agility {unknown}
 E - a potion of confusion {unknown}
 F - a potion of berserk rage {unknown}


   Skills:
 - Level 1.7 Fighting
 + Level 13.4 Long Blades
 - Level 1.5 Throwing
 - Level 3.2 Dodging
 - Level 10.1 Stealth


You had 9 spell levels left.
You didn't know any spells.

Dungeon Overview and Level Annotations

Branches:
Dungeon (11/15)            Temple (0/1) D:6            Lair (0/8) D:10
    Orc: D:9-12

Altars:
Cheibriados
Gozag
Makhleb
Okawaru
Sif Muna
Trog
The Shining One

Shops:
D:6 }   D:7 *(

Annotations:
D:4 Amnesiac's ghost, experienced OgTm
D:6 exclusion: downstairs
D:10 Chiseanne's ghost, powerful SpAs


Innate Abilities, Weirdness & Mutations

You heal slowly.
You can bottle blood from corpses.
You have razor-sharp teeth.*
You have supernaturally acute eyesight.
You can survive without breathing.*


Message History

Evoke which item? (* to show all) (? for menu, Esc to quit)
Okay, then.
Read which item? (? for menu, Esc to quit)
Okay, then.
Evoke which item? (* to show all) (? for menu, Esc to quit)
Okay, then.
Read which item? (? for menu, Esc to quit)
Okay, then.
Drink which item? (? for menu, Esc to quit)
Okay, then.
Read which item? (? for menu, Esc to quit)
Okay, then.
Read which item? (? for menu, Esc to quit)
As you read the scroll of fear, it crumbles to dust.
You assume a fearsome visage.
The orc looks frightened!
The orc looks frightened!
The hill giant looks frightened!
The centaur looks frightened! x2
The centaur resists.
The centaur looks frightened!
You are engulfed in roaring flames.
You resist.
You die...

#.. #.....
#....C.
#..%....
#.o....c.
#o§c...c..
#§§c.%....
#§§§....%.
#@§§......#
#§§§.......
#..........
#.........
#.........
###.......
......
..... ....


You could see a hill giant (fleeing), 4 centaurs and 2 orcs.

Vanquished Creatures
  A gargoyle (D:9)
  Grinder (D:6)
  2 two-headed ogres
  A deep elf mage (D:7)
  A hippogriff (D:10)
  2 sky beasts
  A water moccasin (D:10)
  An orc warrior (D:7)
  A black bear (D:9)
  3 big kobolds (Sewer)
  Sigmund (D:3)
  3 centaurs
  10 giant frogs
  4 scorpions
  4 wights (D:7)
  9 killer bees (D:9)
  A crimson imp (D:5)
  A goliath beetle (D:6)
  A jelly (D:8)
  6 orc priests
  2 hounds
  An iguana (D:8)
  Natasha (thrice) (D:3)
  11 orc wizards
  A killer bee zombie (D:8)
  2 worker ants
  Jessica (D:5)
  A worker ant zombie (D:6)
  12 adders
  8 gnolls
  6 green rats (Sewer)
  A goliath beetle zombie (D:6)
  An inept item mimic (D:6)
  3 worms
  2 shadow imps (D:9)
  2 giant geckos
  3 oozes
  31 orcs
  6 bats
  6 giant cockroaches
  10 goblins
  9 hobgoblins
  5 jackals
  3 ball pythons
  6 giant newts
  A giant spore (D:7)
  A hobgoblin skeleton (D:8)
  A jackal zombie (D:5)
  18 kobolds
  3 orc skeletons
  3 quokkas
  32 rats
249 creatures vanquished.

Vanquished Creatures (collateral kills)
  A goblin (D:6)
1 creature vanquished.

Vanquished Creatures (others)
  An orc (D:5)
  A bat skeleton (D:7)
  A hobgoblin skeleton (D:6)
3 creatures vanquished.

Grand Total: 253 creatures vanquished

Notes
Turn   | Place    | Note
--------------------------------------------------------------
     0 | D:1      | Amnesiac, the Vampire Gladiator, began the quest for the Orb.
     0 | D:1      | Reached XP level 1. HP: 16/16 MP: 1/1
   174 | D:4      | Found an iron altar of Okawaru.
   181 | D:4      | Became a worshipper of Warmaster Okawaru
   266 | D:1      | Reached XP level 2. HP: 20/22 MP: 2/2
   884 | D:2      | Reached skill level 4 in Long Blades
  1578 | D:2      | Reached XP level 3. HP: 17/27 MP: 3/3
  2152 | D:3      | Noticed an orc wizard
  2299 | D:3      | Killed an orc wizard
  2299 | D:3      | Reached skill level 5 in Long Blades
  2299 | D:3      | Reached XP level 4. HP: 22/33 MP: 4/4
  2387 | D:3      | Noticed Sigmund
  2414 | D:3      | Killed Sigmund
  2414 | D:3      | Reached XP level 5. HP: 28/38 MP: 5/5
  2587 | D:4      | Noticed an orc priest
  2588 | D:4      | Noticed Amnesiac's ghost (experienced OgTm)
  2701 | D:4      | Noticed an orc wizard
  2707 | D:3      | Killed an orc priest
  2707 | D:3      | Acquired Okawaru's first power
  2707 | D:3      | Reached skill level 6 in Long Blades
  2984 | D:3      | Killed an orc wizard
  3001 | D:4      | Noticed Natasha
  3287 | D:3      | Killed Natasha
  3343 | D:3      | Noticed Natasha
  3347 | D:3      | Killed Natasha
  3564 | D:3      | Noticed Natasha
  3571 | D:3      | Killed Natasha
  3900 | D:4      | Noticed a hound
  3919 | D:4      | Killed a hound
  3919 | D:4      | Reached XP level 6. HP: 22/44 MP: 6/6
  3997 | D:4      | Noticed an orc priest
  4058 | D:4      | Found a snail-covered altar of Cheibriados.
  4063 | D:4      | Found a burning altar of Makhleb.
  4094 | D:5      | Entered Level 5 of the Dungeon
  4304 | D:5      | Noticed Jessica
  4312 | D:5      | Found a deep blue altar of Sif Muna.
  4315 | D:5      | Killed Jessica
  4315 | D:5      | Reached skill level 7 in Long Blades
  4444 | D:5      | Found a glowing drain.
  4487 | Sewer    | Entered a sewer
  5801 | Sewer    | Reached skill level 8 in Long Blades
  5892 | Sewer    | Reached XP level 7. HP: 26/49 MP: 7/7
  6436 | D:5      | Reached skill level 9 in Long Blades
  6985 | D:5      | Found a glowing golden altar of the Shining One.
  7714 | D:6      | Reached XP level 8. HP: 46/55 MP: 8/8
  7719 | D:6      | Found Qemme's Gadget Boutique.
  7853 | D:6      | Reached skill level 10 in Long Blades
  7861 | D:6      | Noticed Grinder
  8584 | D:6      | Paralysed by Grinder for 5 turns
  8595 | D:6      | Killed Grinder
  8985 | D:6      | HP: 2/55 [giant frog (8)]
  8987 | D:6      | Reached skill level 11 in Long Blades
  9174 | D:6      | Found a bloodstained altar of Trog.
  9405 | D:6      | Found a staircase to the Ecumenical Temple.
  9563 | D:7      | Found Crulust's Antique Weapon Shoppe.
 10040 | D:7      | Noticed a hill giant
 10675 | D:8      | Reached XP level 9. HP: 53/61 MP: 9/9
 10917 | D:8      | Reached skill level 12 in Long Blades
 10924 | D:8      | Noticed a two-headed ogre
 11202 | D:9      | Reached skill level 1 in Stealth
 11240 | D:9      | Reached skill level 5 in Stealth
 11563 | D:8      | Killed a two-headed ogre
 11786 | D:7      | Found Gozag's Nutrition Petition.
 11828 | D:7      | Found an opulent altar of Gozag.
 12909 | D:7      | Reached skill level 10 in Stealth
 13480 | D:9      | Received a gift from Okawaru
 13521 | D:10     | Entered Level 10 of the Dungeon
 13546 | D:10     | Found a staircase to the Lair.
 13737 | D:9      | Reached XP level 10. HP: 36/67 MP: 10/10
 13752 | D:9      | HP: 3/67 [killer bee (9)]
 14021 | D:9      | Noticed a gargoyle
 14037 | D:9      | Killed a gargoyle
 14037 | D:9      | Reached skill level 13 in Long Blades
 14897 | D:10     | Noticed Chiseanne's ghost (powerful SpAs)
 15274 | D:11     | Noticed a hill giant
 15274 | D:11     | Engulfed by their own flame

Action                   |  1- 3 |  4- 6 |  7- 9 | 10-12 || total
-------------------------+-------+-------+-------+-------++-------
Melee: Long sword        |   134 |   226 |   152 |       ||   512
       War axe           |     1 |    15 |       |       ||    16
       Great sword       |       |       |   326 |    86 ||   412
Invok: Heroism           |       |       |     2 |     1 ||     3
 Abil: End Transformatio |     1 |     4 |     4 |       ||     9
       Bat Form          |     1 |     4 |     4 |       ||     9
       Bottle Blood      |       |     3 |     5 |       ||     8
Evoke: Wand              |       |       |    16 |       ||    16
  Use: Potion            |     1 |     7 |    13 |     5 ||    26
       Scroll            |       |     7 |    10 |     4 ||    21
 Stab: Invisible         |       |     3 |     6 |       ||     9
       Sleeping          |       |     1 |     7 |     1 ||     9
       Distracted        |       |       |     1 |     1 ||     2
